 Dungeon Crawl Stone Soup version 0.29.1-13-g9f3cf754e1 (webtiles) character file.

Game seed: 9857925237482345879

1 nalyd1 the Grave Robber (level 1, 0/13 HPs)
             Began as a Mummy Necromancer on Feb 7, 2023.
             Slain by a goblin
             ... wielding a +0 club
              (3 damage)
             ... on level 1 of the Dungeon.
             The game lasted 00:00:50 (39 turns).

nalyd1 the Grave Robber (Mummy Necromancer)           Turns: 39, Time: 00:00:50

Health: 0/13       AC:  2    Str: 11    XL:     1   Next: 16%
Magic:  4/4        EV: 12    Int: 14    God:
Gold:   0          SH:  0    Dex: 12    Spells: 4/5 levels left

rFire   x . .      SeeInvis .   (no weapon)
rCold   + . .      Faith    .   (no shield)
rNeg    + + +      Spirit   .   a - +0 robe
rPois   ∞          Reflect  .   (no helmet)
rElec   .          Harm     .   (no cloak)
rCorr   .          Rampage  .   (no gloves)
Will    .....                   (no boots)
Stlth   ++........              (no amulet)
HPRegen 0.04/turn               (no ring)
MPRegen 0.09/turn               (no ring)

@: no status effects
A: cold resistance 1, negative energy resistance 3, torment resistance 2, heat
vulnerability 1, no potions
a: no special abilities


You were on level 1 of the Dungeon.
You visited 1 branch of the dungeon, and saw 1 of its levels.

Inventory:

Armour
 a - a +0 robe (worn)


   Skills:
 + Level 1.5 Dodging
 + Level 1.5 Stealth
 + Level 2.8 Spellcasting
 + Level 4.0 Necromancy


You had 4 spell levels left.
You knew the following spells:

 Your Spells              Type           Power      Damage    Failure   Level
a - Necrotise             Necr           52%        1d6       4%          1

Your spell library contained the following spells:

 Spells                   Type           Power      Damage    Failure   Level
 Vampiric Draining        Necr           13%        2d6       13%         3
 Animate Dead             Necr           13%        N/A       38%         4
 Agony                    Necr           13%        N/A       75%         5


Dungeon Overview and Level Annotations

Branches:
Dungeon (1/15)

Altars:


Innate Abilities, Weirdness & Mutations

You are immune to poison.
Your flesh is cold resistant. (rC+)
You are immune to negative energy. (rN+++)
You are immune to unholy pain and torment.
You are vulnerable to heat. (rF-)
You do not drink.


Message History

Welcome, nalyd1 the Mummy Necromancer.
The splendid Orb of Zot lies far below, as if waiting for you to find it.
Press ? for a list of commands and other information.
Found a staircase leading out of the dungeon.
There is a staircase leading out of the dungeon here.
You open the door.
There is an open door here.
You open the large door.
There is a large open door here.
You open the door.
There is an open door here.
There is a fountain of clear blue water here.
There is a fountain of clear blue water here.
A quokka comes into view.
A goblin comes into view. It is wielding a +0 club.
The goblin shouts!
You hit the quokka but do no damage. The quokka bites you.
You closely miss the quokka. The quokka bites you.
You barely miss the quokka.
The quokka bites you but does no damage.
The goblin misses you.
You hit the quokka.
The quokka is heavily wounded.
The quokka misses you. The goblin barely misses you.
You barely miss the quokka. You punch the quokka.
The quokka is severely wounded.
The quokka misses you. The goblin closely misses you.
The quokka bites you but does no damage.
You closely miss the quokka.
The quokka is severely wounded.
The quokka closely misses you. The goblin closely misses you.
You barely miss the quokka.
The quokka is severely wounded.
The quokka bites you. The goblin hits you with a +0 club.
* * * LOW HITPOINT WARNING * * *
You hit the quokka.
You kill the quokka!
The goblin closely misses you. The goblin hits you with a +0 club.
You die...

###### #≈≈≈.# .
#####≈⌠..# ..
#..##≈≈≈.# #..#
+.<#####.#######....#
#'##...'....#....#
#..'.♣.#.##..@...#
##.'...#.#...g.....#
#######.#.###.#####
..#. ... .... ####
#####


You could see a goblin.

Vanquished Creatures
  A quokka (D:1)
1 creature vanquished.

Notes
Turn   | Place    | Note
-------+----------+-------------------------------------------
     0 | D:1      | nalyd1 the Mummy Necromancer began the quest for the Orb.
     0 | D:1      | Reached XP level 1. HP: 13/13 MP: 4/4
    39 | D:1      | Slain by a goblin

Illustrated notes

Levels and vault maps discovered:
D:1:      sevenhm_arrival_forest_fort_small_3, layout_rooms,
          corexii_item_surrounded_by_moat

Action                   || total
-------------------------++-------
Melee: Unarmed           ||     8
       Punch             ||     1
Armor: Robe              ||     2
Dodge: Dodged            ||     8
